 Dungeon Crawl Stone Soup version 0.21.1-1-g345015f (webtiles) character file.

552424 doot the Executioner (level 26, -15/245 (248) HPs)
             Began as a Hill Orc Chaos Knight on June 8, 2018.
             Was the Champion of Beogh.
             Killed from afar by a shadow dragon (50 damage)
             ... with a bolt of negative energy
             ... on level 3 of the Depths on June 9, 2018.
             The game lasted 06:01:07 (61052 turns).

doot the Executioner (Hill Orc Chaos Knight)       Turns: 61052, Time: 06:01:09

HP:   -15/245 (248) AC: 43    Str: 35    XL:     26   Next: 36%
MP:   29/32         EV: 14    Int: 12    God:    Beogh [******]
Gold: 4839          SH: 26    Dex: 16    Spells: 26/26 levels left

rFire    . . .     SeeInvis +   b - +9 broad axe "Ogre's Nightmare" {drain, *Corrode Str+4 Int-2}
rCold    + . .     Gourm    .   p - +0 large shield
rNeg     . . .     Faith    .   D - +27 Lear's hauberk
rPois    +         Spirit   .   (helmet currently unavailable)
rElec    .         Reflect  .   L - +1 cloak {rC+}
rCorr    .         Harm     .   (gloves currently unavailable)
MR       +....                  (boots currently unavailable)
Stlth    ++........             S - amulet of Jimebby {*Slow +Rage rPois rC- Str+6}
HPRegen  0.50/turn              R - ring "Ritic" {rPois Slay+6}
MPRegen  0.23/turn              Q - ring of Wagankeo {EV+3 Str+2 Stlth+}

@: studying Axes, drained
A: walk on water, claws 1, horns 1, thin skeletal structure 1, see invisible,
clever 1, cold resistance 1, poison resistance, wild magic 1, evolution 1,
MP-powered wands
}: 3/15 runes: barnacled, silver, gossamer
a: Smiting, Recall Orcish Followers, Give Item to Named Follower, Resurrection,
Renounce Religion, Evoke Berserk Rage


You were on level 3 of the Depths.
You worshipped Beogh.
Beogh was exalted by your worship.
You were hungry.

You visited 8 branches of the dungeon, and saw 42 of its levels.
You visited the Abyss 1 time.
You visited 1 bazaar.
You visited 1 ziggurat, and saw 10 of its levels.
You also visited: Trove, Sewer, Ice Cave and Wizlab.

You collected 6605 gold pieces.
You spent 1766 gold pieces at shops.

Inventory:

Hand Weapons
 b - the +9 broad axe "Ogre's Nightmare" (weapon) {drain, *Corrode Str+4 Int-2}
   (You took it off an ironheart preserver on level 5 of the Vaults)

   A truly terrible weapon, it drains the life of those it strikes.
   It affects your strength (+4).
   It affects your intelligence (-2).
   It may corrode you when you take damage.
 h - a +2 sacred scourge of holy wrath
 I - the +2 scimitar of Weiryif {drain, +Fly rN+ Int-3 Dex+8}
   (You found it in an ice cave)

   A truly terrible weapon, it drains the life of those it strikes.
   It affects your intelligence (-3).
   It affects your dexterity (+8).
   It protects you from negative energy.
   It lets you fly.
Missiles
 v - a javelin of penetration (quivered)
 E - 24 javelins
Armour
 p - a +0 large shield (worn)
 y - a +2 hat
 D - the +27 Lear's hauberk (worn)
   (You found it on level 8 of a ziggurat)
 J - a +4 plate armour of ponderousness
 L - a +1 cloak of cold resistance (worn)
 N - the +3 pair of boots "Ruludar" {Str+4}
   (You found it on level 5 of the Vaults)

   It affects your strength (+4).
 W - a +0 pair of gloves
Jewellery
 C - the ring of Midnight {*Tele rElec MP+9 Int-2 Dex+8}
   (You found it on level 9 of a ziggurat)

   [ring of teleportation]

   It may teleport you next to monsters.
   It affects your intelligence (-2).
   It affects your dexterity (+8).
   It insulates you from electricity.
   It affects your magic capacity (+9).
 P - the ring of the Enemy {rElec rN++ MR+ Int-2 Dex+5}
   (You found it on level 9 of a ziggurat)

   [ring of dexterity]

   It affects your intelligence (-2).
   It affects your dexterity (+5).
   It insulates you from electricity.
   It greatly protects you from negative energy.
   It affects your resistance to hostile enchantments.
 Q - the ring of Wagankeo (right claw) {EV+3 Str+2 Stlth+}
   (You found it on level 8 of the Dungeon)

   [ring of evasion]

   It affects your evasion (+3).
   It affects your strength (+2).
   It makes you more stealthy.
 R - the ring "Ritic" (left claw) {rPois Slay+6}
   (You found it on level 8 of the Dungeon)

   [ring of poison resistance]

   It affects your accuracy and damage with ranged weapons and melee attacks
   (+6).
   It protects you from poison.
 S - the amulet of Jimebby (around neck) {*Slow +Rage rPois rC- Str+6}
   (You found it on level 8 of the Dungeon)

   [amulet of rage]

   It affects your strength (+6).
   It makes you vulnerable to cold.
   It protects you from poison.
   It lets you go berserk.
   It may slow you when you take damage.
Wands
 f - a wand of flame (38)
 X - a wand of acid (8)
Scrolls
 d - 8 scrolls of blinking
 g - 24 scrolls of remove curse
 i - 4 scrolls of fog
 j - 3 scrolls of brand weapon
 k - 3 scrolls of immolation
 l - 30 scrolls of teleportation
 o - 13 scrolls of magic mapping
 r - 6 scrolls of enchant armour
 s - 9 scrolls of enchant weapon
 u - a scroll of summoning
 w - 7 scrolls of fear
 M - a scroll of holy word
 T - 14 scrolls of identify
Potions
 a - a potion of flight
 e - 6 potions of haste
 n - 5 potions of magic
 q - 5 potions of might
 t - 12 potions of curing
 x - 2 potions of agility
 z - 16 potions of heal wounds
 A - 6 potions of lignification
 B - 10 potions of mutation
 G - 8 potions of brilliance
 K - 2 potions of berserk rage
 V - 2 potions of resistance
 Y - 8 potions of ambrosia
 Z - 4 potions of cancellation
Books
 F - a manual of Axes
 H - a book of Frost

   Spells                             Type                      Level
   a - Freeze                         Ice                          1
   b - Throw Frost                    Conjuration/Ice              2
   c - Ozocubu's Armour               Charms/Ice                   3
   d - Throw Icicle                   Conjuration/Ice              4
   e - Summon Ice Beast               Ice/Summoning                4
 U - a book of the Dragon

   Spells                             Type                      Level
   a - Flame Tongue                   Conjuration/Fire             1
   b - Cause Fear                     Hexes                        4
   c - Bolt of Fire                   Conjuration/Fire             6
   d - Dragon Form                    Transmutation                7
   e - Dragon's Call                  Summoning                    9
Miscellaneous
 m - 7 boxes of beasts
 O - 3 sacks of spiders
Comestibles
 c - 59 rations


   Skills:
 + Level 22.7(21.5) Fighting
 + Level 26.7(25.4) Axes
 + Level 9.9(9.0) Throwing
 + Level 18.1(17.0) Armour
 + Level 4.5(3.7) Dodging
 + Level 8.6(7.7) Stealth
 + Level 22.4(21.2) Shields
 + Level 0.9(0.2) Spellcasting
 + Level 13.0(12.0) Invocations
 + Level 5.7(4.9) Evocations


You had 26 spell levels left.
You didn't know any spells.

Dungeon Overview and Level Annotations

Branches:
Dungeon (15/15)            Temple (0/1) D:4            Lair (6/6) D:9
 Shoals (4/4) Lair:3       Spider (4/4) Lair:2        Slime (0/5) Lair:6
    Orc (2/2) D:11            Elf (3/3) Orc:2        Vaults (5/5) D:14
  Crypt (0/3) Vaults:2     Depths (3/5) D:15

Altars:
Cheibriados
Elyvilon
Kikubaaqudgha
Makhleb
Qazlal
Ru
Sif Muna
Uskayaw
Vehumet
Wu Jian
Yredelemnul
The Shining One

Shops:
D:4 (   D:5 %((   D:9 (   D:15 :   Orc:2 !*(*   Elf:2 *%[![   Shoals:4 ***
Vaults:5 ?

Portals:
Hell: Depths:1 Depths:2 Depths:3
Pandemonium: Depths:1 Depths:3

Annotations:
D:7 2 transporters
D:10 exclusion: 3 oklob plants
Lair:2 exclusion: oklob plant
Depths:2 exclusion: 2 obsidian statues


Innate Abilities, Weirdness & Mutations

You can walk on water.
You have sharp fingernails.
You have a pair of small horns on your head.
You have a somewhat thin skeletal structure. (Dex +2, Stealth)
You have supernaturally acute eyesight. (SInv)
Your mind is acute. (Int +2)
Your flesh is cold resistant. (rC+)
Your system is resistant to poisons. (rPois)
Your spells are a little harder to cast, but a little more powerful.
You evolve.
You expend magic power (3 MP) to strengthen your wands.


Message History

You kill the deep elf high priest!
Beogh accepts your kill.
Beogh appreciates your killing of a heretic priest.
You start resting.
Your orc warlord no longer looks unusually strong.
Bogward is no longer berserk.
Learuk no longer looks unusually strong.
Beowulf no longer looks unusually strong.
Your orc warrior no longer looks unusually strong.
Harm no longer looks unusually strong.
A shadow dragon comes into view.
Alork no longer looks unusually strong.
Ogrik no longer looks unusually strong.
Gorbash no longer looks unusually strong.
Your orc priest calls upon Beogh to heal your orc warlord.
Your orc warlord is healed somewhat.
The shadow dragon breathes negative energy at you.
The bolt of negative energy misses Bogward.
The bolt of negative energy hits you!
You feel drained.
You die...
Xom roars with laughter!

# ### +## #)#..
..### #.#.. ..#.#
.'..#⌠.'. #.....#
#...[.####### #
##(####$..(
#(#..oo###o###
#.#.o.(#ooo@.#
#.'..ooo(oooo# ##
#[#..oo#.o#o.'D#
...####'###.....#%#
.... #[...#.....###
.....###'#####'##
........o.# .... #
.....##.#.# ....# #
... #o#o# ..+ #


You could see a shadow dragon, a friendly orc warlord, the friendly Alork the
orc warlord, the friendly Bogward the orc warlord, the friendly Boldo the orc
warlord, the friendly Harm the orc warlord, a friendly orc knight, the friendly
Berold the orc knight, the friendly Gorbash the orc knight, the friendly Jorge
the orc knight, the friendly Learuk the orc knight, the friendly Ogrik the orc
knight, a friendly orc warrior, the friendly Boldo the orc warrior, a friendly
orc priest and the friendly Beowulf the orc priest.

Vanquished Creatures
  A juggernaut (Zig:6)
  A caustic shrike (Zig:9)
  A profane servitor (Abyss:4)
  Nikola (Vaults:3)
  A bone dragon (Zig:1)
  Arachne (Spider:3)
  An Ice Fiend (IceCv)
  A lich (Depths:3)
  A tentacled monstrosity (Vaults:5)
  Asterion (Spider:3)
  The ghost of zuik the Severer, an adept MiBe of Trog (Shoals:4)
  3 sphinxes
  2 tentacled starspawn (Abyss:4)
  Polyphemus (Shoals:2)
  A storm dragon (shapeshifter) (Depths:2)
  The ghost of emiel the Peltast, an adept FoWn of Cheibriados (Spider:3)
  Gastronok (D:8)
  A storm dragon (Vaults:3)
  Ilsuiw (Shoals:4)
  3 tengu reavers
  Roxanne (Shoals:2)
  2 nagarajas (Zig:5)
  2 fire giants
  4 frost giants
  5 ghost moths
  A balrug (Depths:3)
  8 vault wardens
  Louise (Elf:1)
  5 deep elf elementalists (Elf:3)
  2 emperor scorpions (Spider:4)
  An angel (Zig:4)
  A war gargoyle (Depths:2)
  16 very ugly things
  11 ironheart preservers
  14 stone giants
  3 entropy weavers
  Nessos (D:15)
  8 deep elf demonologists
  Azrael (D:12)
  7 deep elf annihilators
  9 purple draconians (WizLab)
  5 spark wasps
  2 dire elephants (Zig:9)
  4 ettins
  An ettin (shapeshifter) (Depths:2)
  6 merfolk javelineers
  3 mummy priests
  9 statues (WizLab)
  A blizzard demon (Depths:2)
  4 deep elf death magi
  3 crystal guardians (Depths:2)
  A minotaur (shapeshifter) (Vaults:5)
  5 merfolk impalers (Shoals:4)
  3 fire dragons
  6 yaktaur captains
  Josephine (D:12)
  4 deep elf high priests
  3 jiangshi (Depths:1)
  14 vault guards
  15 ogre magi
  2 rakshasas
  4 ice dragons
  4 great orbs of eyes
  10 hydras
  Harold (D:12)
  A merfolk avatar (Shoals:4)
  2 spriggan air magi (Depths:2)
  A catoblepas (Lair:6)
  8 death scarabs
  An alligator snapping turtle (Shoals:4)
  7 centaur warriors
  2 merfolk aquamancers (Shoals:4)
  A satyr (Shoals:3)
  57 two-headed ogres
  An anaconda (Zig:5)
  25 dancing weapons
  8 death yaks
  A vampire mage (Depths:1)
  2 orc high priests (Orc:2)
  8 deep troll earth magi
  3 tengu warriors
  A spriggan berserker (Depths:3)
  5 small abominations
  3 deep troll shamans
  A titan zombie (Zig:7)
  A sun demon (Depths:3)
  Sonja (D:12)
  9 deep elf knights
  3 wretched stars
  7 skeletal warriors
  A shadow wraith (Vaults:5)
  6 glowing orange brains
  A spectral emperor scorpion (Spider:4)
  A hell knight (Vaults:4)
  2 sea snakes (shapeshifter)
  An obsidian statue (Depths:2)
  4 unseen horrors
  3 sea snakes
  An orange crystal statue (Vaults:1)
  2 wizards
  A spriggan druid (Zig:9)
  A shadow demon (Zig:4)
  15 deep trolls
  12 ironbrand convokers
  4 lindwurms (Lair:6)
  2 spectral wolf spiders (Spider:4)
  A necromancer (Vaults:4)
  11 deep elf archers
  14 orb spiders
  5 harpies
  A tengu zombie (Zig:7)
  An anaconda skeleton (Abyss:4)
  2 harpies (shapeshifter)
  2 oklob plants (Lair:4)
  4 orc knights
  2 orc sorcerers
  A wolf spider zombie (Spider:4)
  3 manticores
  57 deep elf magi
  A faun (Shoals:1)
  31 wolf spiders
  7 cyclopes
  A mana viper (Zig:5)
  A faun (shapeshifter) (Depths:2)
  A salamander (Zig:5)
  32 ugly things
  A naga mage (Zig:5)
  2 moths of wrath (Spider:4)
  Maurice (D:8)
  3 black mambas
  7 merfolk sirens
  4 vault sentinels
  9 elephants
  6 torpor snails
  An ice statue (IceCv)
  2 molten gargoyles (Depths:2)
  9 gargoyles
  2 smoke demons (Abyss:4)
  15 spiny frogs
  5 freezing wraiths
  22 yaktaurs
  15 demonic crawlers
  A rime drake (shapeshifter) (Vaults:4)
  3 rime drakes
  6 komodo dragons
  3 spectral redbacks (Spider:4)
  3 tengu conjurers (Depths:3)
  8 anaconda simulacra (IceCv)
  A redback zombie (Spider:4)
  A kobold demonologist (D:11)
  2 golden dragon simulacra (IceCv)
  A hellwing (Abyss:4)
  5 guardian mummies
  6 ice devils (IceCv)
  33 jumping spiders
  A queen bee (shapeshifter) (Vaults:5)
  3 meliai (Spider:2)
  4 trolls
  A jumping spider (shapeshifter) (Depths:3)
  12 merfolk
  A polar bear (Lair:6)
  A wind drake (Shoals:4)
  2 queen bees
  2 tarantella zombies (Spider:4)
  2 spectral jumping spiders (Spider:4)
  9 hornets
  9 blink frogs
  A raiju (Zig:4)
  A shadow dragon simulacrum (Vaults:3)
  20 slime creatures
  4 spectral tarantellas (Spider:4)
  A hippogriff (shapeshifter) (Depths:2)
  A frost giant simulacrum (Vaults:3)
  A jumping spider zombie (Spider:4)
  11 dream sheep
  6 hippogriffs
  7 snapping turtles
  12 water elementals
  8 air elementals
  6 flying skulls
  3 spriggans (shapeshifter)
  A spriggan (Lair:1)
  29 tarantellas
  4 wraiths
  3 wyverns
  2 shadows (D:12)
  62 redbacks
  A hog (shapeshifter) (Elf:3)
  A human (D:9)
  3 hogs (D:9)
  43 yaks
  3 ushabtiu
  8 fire elementals
  2 dire elephant simulacra (IceCv)
  2 basilisks
  A vampire mosquito (D:13)
  A death yak simulacrum (IceCv)
  2 hungry ghosts
  A human simulacrum (Vaults:2)
  4 large abominations (Abyss:4)
  A harpy simulacrum (IceCv)
  A neqoxec (Zig:4)
  An iron troll simulacrum (IceCv)
  2 insubstantial wisps (Depths:2)
  Edmund (D:6)
  5 wargs
  3 hell hounds (D:12)
  13 water moccasins
  4 acid dragons
  2 nagas (Zig:5)
  5 hydra simulacra (IceCv)
  A floating eye (Depths:3)
  5 porcupines
  A spectral hornet (Spider:4)
  2 sky beasts
  2 black bears
  2 ice beasts
  An elf zombie (Vaults:4)
  A human zombie (Vaults:4)
  A necrophage (D:10)
  13 orc warriors
  4 phantoms
  15 wolves
  43 ogres
  3 eyes of draining
  An eye of draining (shapeshifter) (Vaults:3)
  An alligator simulacrum (IceCv)
  7 boggarts
  An elf skeleton (Vaults:4)
  9 centaurs
  A big kobold (D:11)
  10 crocodiles
  12 bullfrogs
  A gnoll sergeant (D:9)
  7 earth elementals
  4 scorpions
  2 troll zombies (D:11)
  48 killer bees
  8 howler monkeys
  14 wights
  An electric eel (Spider:3)
  12 crimson imps
  3 bullfrog zombies
  2 draconian simulacra (IceCv)
  2 quasits
  7 centaur zombies
  7 jellies
  8 orc priests
  2 hounds
  An iron imp (Abyss:4)
  5 bullfrog skeletons (D:12)
  11 centaur skeletons
  A gnoll shaman (D:9)
  9 orc wizards
  5 iguanas
  2 hell rats (Lair:2)
  A polar bear simulacrum (IceCv)
  2 spriggan simulacra (IceCv)
  11 worker ants
  3 troll simulacra (IceCv)
  A centaur simulacrum (IceCv)
  3 ogre zombies (D:11)
  2 hound skeletons
  4 mummies
  A howler monkey zombie (D:10)
  Robin (D:4)
  23 gnolls
  An adder (shapeshifter) (Depths:2)
  12 adders
  2 naga simulacra (IceCv)
  An ogre simulacrum (IceCv)
  11 river rats
  7 shadow imps
  6 white imps (IceCv)
  9 ufetubi (IceCv)
  2 oozes
  2 adder skeletons
  4 worms
  3 ball lightnings (Depths:2)
  3 dart slugs
  2 leopard geckos
  25 orcs
  5 ball pythons
  6 giant cockroaches
  21 goblins
  7 hobgoblins
  5 jackals
  4 quokkas
  5 bats
  8 frilled lizards
  A goblin skeleton (D:11)
  3 goblin zombies (D:11)
  2 hobgoblin zombies (D:11)
  12 kobolds
  A leopard gecko skeleton (D:8)
  4 orc skeletons (D:11)
  6 orc zombies (D:11)
  14 rats
  A crawling corpse (Elf:3)
  A fungus (Lair:5)
  8 plants
  A starspawn tentacle (Abyss:4)
1705 creatures vanquished.

Vanquished Creatures (collateral kills)
  Frederick (Vaults:4)
  The ghost of Thomus the Axe Maniac, an adept MiBe of Trog (Vaults:5)
  Jorgrun (Vaults:4)
  2 tentacled monstrosities (Vaults:5)
  A lich (Depths:3)
  2 deep elf blademasters
  A titan (Vaults:5)
  2 sphinxes
  A deep elf master archer (Elf:3)
  An azure jelly (shapeshifter) (Depths:2)
  3 storm dragons (Vaults:5)
  2 tengu reavers (Vaults:5)
  5 shadow dragons
  4 fire giants
  5 frost giants
  2 deep elf sorcerers (Elf:3)
  6 vault wardens
  An iron dragon (Vaults:5)
  An emperor scorpion (Spider:4)
  5 deep elf elementalists
  4 ironheart preservers
  8 very ugly things
  3 war gargoyles (Vaults:5)
  9 stone giants
  2 entropy weavers (Zig:10)
  2 large abominations
  2 deep elf demonologists
  A purple draconian (WizLab)
  2 spark wasps (Depths:1)
  4 deep elf annihilators
  5 deep elf death magi
  A merfolk javelineer (Shoals:4)
  10 crystal guardians (Depths:2)
  A fire dragon (Depths:3)
  2 merfolk impalers (Shoals:4)
  An ettin (Vaults:5)
  2 deep elf high priests (Elf:3)
  10 vault guards (Vaults:4)
  A yaktaur captain (Vaults:5)
  2 great orbs of eyes
  5 hydras
  An ice dragon (Depths:3)
  8 ogre magi
  A catoblepas (Shoals:2)
  3 merfolk avatars (Shoals:4)
  19 dancing weapons
  3 merfolk aquamancers (Shoals:4)
  A centaur warrior (Vaults:1)
  A death knight (Vaults:3)
  A satyr (Shoals:4)
  2 deep troll earth magi
  21 two-headed ogres
  4 deep troll shamans
  2 death yaks (Shoals:2)
  A death scarab (Spider:4)
  An orc high priest (Orc:2)
  A sun demon (Depths:3)
  15 deep elf knights
  A small abomination (Elf:3)
  An unseen horror (shapeshifter) (Depths:2)
  2 unseen horrors
  4 skeletal warriors
  A fire crab (shapeshifter) (Vaults:5)
  An iron troll (Depths:1)
  6 sea snakes
  7 deep trolls
  12 deep elf archers
  3 glowing orange brains
  5 orc knights
  A lindwurm (shapeshifter) (Vaults:5)
  2 ironbrand convokers
  A spectral wolf spider (Spider:4)
  A wolf spider zombie (Spider:4)
  A phantasmal warrior (Vaults:5)
  7 harpies
  An orb spider (shapeshifter) (Depths:2)
  A human zombie (Vaults:4)
  3 orc sorcerers
  4 wolf spiders
  2 orb spiders
  12 ugly things
  A wolf spider (shapeshifter) (Depths:2)
  19 deep elf magi
  3 manticores
  3 cyclopes
  A shining eye (shapeshifter) (D:15)
  10 fauns
  An ice statue (Shoals:3)
  3 merfolk sirens
  5 elephants (Lair:6)
  2 black mambas (Lair:3)
  3 vault sentinels
  5 centaur zombies (D:12)
  3 water nymphs
  2 molten gargoyles (Depths:2)
  A centaur skeleton (D:12)
  A gargoyle (Depths:2)
  9 yaktaurs
  A kobold demonologist (D:15)
  3 spiny frogs
  2 rime drakes (Lair:6)
  A demonic crawler (Spider:4)
  A spectral redback (Spider:4)
  A redback zombie (Spider:4)
  3 komodo dragons (Lair:5)
  10 merfolk
  A tengu conjurer (Depths:1)
  A jumping spider (shapeshifter) (D:13)
  3 wind drakes
  3 jumping spiders (Spider:4)
  4 trolls
  A hippogriff (shapeshifter) (Depths:2)
  4 slime creatures
  6 hippogriffs
  2 snapping turtles
  7 blink frogs
  11 dream sheep
  A jumping spider zombie (Spider:4)
  4 air elementals
  3 water elementals
  7 redbacks
  A shadow (D:12)
  A wraith (D:13)
  4 basilisks
  6 tarantellas
  17 yaks
  2 wyverns
  4 fire elementals
  2 vampire mosquitoes (D:13)
  An insubstantial wisp (Depths:2)
  2 wargs
  An acid dragon (Vaults:1)
  A soldier ant (D:12)
  5 water moccasins
  3 porcupines
  8 orc warriors
  2 sky beasts
  18 ogres
  A necrophage (D:10)
  7 wolves
  2 boggarts
  2 centaurs (D:11)
  9 crocodiles
  7 bullfrogs
  7 earth elementals
  A scorpion (D:9)
  9 killer bees
  3 howler monkeys
  3 crimson imps
  A bullfrog skeleton (D:12)
  3 hounds
  A jelly (D:14)
  5 orc priests
  4 orc wizards
  An iguana (D:13)
  2 worker ants
  3 ogre zombies (D:11)
  The ghost of Iko the Stinger, a weakling HOVM (D:3)
  A gnoll (Zig:2)
  A river rat (Lair:2)
  4 adders
  A white imp (Abyss:4)
  A leopard gecko (D:10)
  11 orcs
  A ball python (D:3)
  3 giant cockroaches
  6 kobolds (D:11)
  A frilled lizard (D:3)
  A goblin zombie (D:11)
  2 hobgoblin skeletons (D:11)
  A hobgoblin zombie (D:11)
  An orc skeleton (D:11)
  4 orc zombies (D:11)
  2 bushes
  A butterfly (Lair:2)
  5 crawling corpses (Vaults:5)
  11 fungi
  48 plants
696 creatures vanquished.

Vanquished Creatures (others)
  A golden dragon (Vaults:5)
  A deep elf blademaster (Elf:3)
  4 orc warlords
  An emperor scorpion (Zig:10)
  An ironheart preserver (Vaults:4)
  A stone giant (Depths:1)
  A war gargoyle (Depths:2)
  7 orc sorcerers
  A dancing weapon (Depths:2)
  2 orc high priests
  A sun demon (Abyss:4)
  24 orc knights
  A deep elf mage (Elf:1)
  A gargoyle (Depths:2)
  A jumping spider (Spider:1)
  5 air elementals
  A fire elemental (Depths:2)
  Menkaure (D:4)
  28 orc warriors
  A wolf (shapeshifter) (Depths:2)
  2 centaurs
  36 orc priests
  22 orc wizards
  62 orcs
  4 ball lightnings (Depths:2)
  A kobold (D:1)
  6 fungi
  A lurking horror (Abyss:4)
  7 plants
  3 starspawn tentacles (Abyss:4)
228 creatures vanquished.

Grand Total: 2629 creatures vanquished

Notes
Turn   | Place    | Note
-------+----------+-------------------------------------------
     0 | D:1      | doot the Hill Orc Chaos Knight began the quest for the Orb.
     0 | D:1      | Reached XP level 1. HP: 19/19 MP: 1/1
   124 | D:1      | Reached XP level 2. HP: 8/27 MP: 2/2
   832 | D:1      | XOM: harmless Necr miscast
   897 | D:1      | XOM: cloud trail
   909 | D:1      | XOM: give mutations
   909 | D:1      | Gained mutation: Your mind is acute. (Int +2) [Xom's grace]
   909 | D:1      | Gained mutation: Your spells are a little harder to cast, but a little more powerful. [Xom's grace]
   909 | D:1      | Gained mutation: You evolve. [Xom's grace]
   909 | D:1      | Gained mutation: You have supernaturally acute eyesight. (SInv) [Xom's grace]
   991 | D:1      | Reached XP level 3. HP: 33/33 MP: 3/3
  1091 | D:2      | XOM: 1-stop teleportation journey
  1184 | D:2      | Found a radiant altar of Vehumet.
  1190 | D:2      | Found a white marble altar of Elyvilon.
  1195 | D:2      | Found a burning altar of Makhleb.
  1195 | D:2      | XOM: 1-stop teleportation journey
  1284 | D:2      | XOM: divination: detect creatures
  1409 | D:2      | XOM: god gift: glowing plate armour {god gift}
  1464 | D:2      | Found a glowing golden altar of the Shining One.
  1607 | D:2      | XOM: cleaving
  1753 | D:2      | XOM: god gift: lumpy pink potion {god gift}
  1983 | D:2      | XOM: give mutation
  1983 | D:2      | Gained mutation: Your muscles are strong. (Str +2) [Xom's grace]
  2087 | D:3      | Noticed Iko's ghost (weakling HOVM)
  2092 | D:3      | XOM: summons 3 friendly demons
  2097 | D:3      | Killed Iko's ghost
  2098 | D:3      | Reached XP level 4. HP: 38/40 MP: 4/4
  2106 | D:3      | XOM: smoke on damage
  2463 | D:3      | XOM: summons 2 hostile demons
  2464 | D:3      | XOM: confusion (+ monsters)
  2469 | D:3      | XOM: cast spell 'Summon Dragon'
  2470 | D:3      | Reached skill level 1 in Stealth
  2557 | D:3      | Found a glowing drain.
  2574 | D:3      | Reached skill level 5 in Axes
  2575 | D:3      | Reached skill level 1 in Dodging
  2582 | Sewer    | Entered a sewer
  2763 | Sewer    | Reached XP level 5. HP: 40/46 MP: 5/5
  2866 | Sewer    | XOM: 1-stop teleportation journey
  3194 | D:4      | Found a snail-covered altar of Cheibriados.
  3233 | D:4      | Found Lastrilih's Weapon Emporium.
  3257 | D:4      | Bought a +0 broad axe for 44 gold pieces
  3297 | D:4      | Noticed an ogre
  3312 | D:4      | Killed an ogre
  3312 | D:4      | Reached XP level 6. HP: 36/53 MP: 6/6
  3336 | D:4      | XOM: harmless Ice miscast
  3417 | D:4      | XOM: summons 3 hostile demons
  3420 | D:4      | XOM: give mutations
  3420 | D:4      | Lost mutation: Your muscles are strong. (Str +2) [Xom's mischief]
  3420 | D:4      | Gained mutation: You are clumsy. (Dex -2) [Xom's mischief]
  3420 | D:4      | Gained mutation: You are frail. (-10% HP) [Xom's mischief]
  3448 | D:4      | XOM: medium Pois miscast
  3655 | D:4      | Found a staircase to the Ecumenical Temple.
  3668 | D:4      | XOM: 2-stop teleportation journey
  3669 | D:4      | Noticed an orc warrior
  3670 | D:4      | Fell from the grace of Xom
  3670 | D:4      | Became a worshipper of Beogh the Brigand
  3802 | D:4      | Reached skill level 6 in Axes
  3813 | D:4      | Reached skill level 1 in Throwing
  3829 | D:4      | Reached skill level 5 in Armour
  4156 | D:4      | Noticed Robin
  4170 | D:4      | Killed Robin
  4201 | D:4      | Reached XP level 7. HP: 31/54 MP: 7/7
  4399 | D:4      | Noticed Menkaure
  4471 | D:4      | XOM: medium Tloc miscast
  4522 | D:4      | Reached skill level 1 in Shields
  4664 | D:4      | Killed Menkaure
  4695 | D:4      | XOM: medium Fire miscast
  4877 | D:5      | Entered Level 5 of the Dungeon
  4973 | D:5      | Reached skill level 7 in Axes
  5140 | D:5      | Found Jihes's Food Shoppe.
  5553 | D:5      | Reached * piety under Beogh
  5603 | D:5      | Found Buhin's Weapon Shoppe.
  5688 | D:5      | Found Ywoxit's Weapon Boutique.
  5697 | D:5      | Reached XP level 8. HP: 60/60 MP: 8/8
  5869 | D:6      | Reached skill level 8 in Axes
  5914 | D:6      | XOM: 1-stop teleportation journey
  5943 | D:5      | XOM: mild Fire miscast
  6222 | D:6      | Reached skill level 5 in Fighting
  6426 | D:6      | Noticed Edmund
  6450 | D:6      | Killed Edmund
  6467 | D:6      | Reached skill level 9 in Axes
  6562 | D:6      | XOM: cleaving
  6747 | D:6      | Reached XP level 9. HP: 62/66 MP: 9/9
  6769 | D:6      | Reached ** piety under Beogh
  6983 | D:6      | XOM: god gift: 38 gold pieces
  7140 | D:7      | Reached skill level 10 in Axes
  7147 | D:7      | Found a transporter.
  7147 | D:7      | XOM: 3-stop teleportation journey
  7162 | D:7      | Found a transporter.
  7304 | D:7      | Reached skill level 11 in Axes
  7937 | D:7      | Noticed a troll
  8049 | D:6      | XOM: mild Conj miscast
  8266 | D:6      | XOM: give mutations
  8266 | D:6      | Gained mutation: You have large cloven feet. [Xom's grace]
  8266 | D:6      | Gained mutation: Your system is resistant to poisons. (rPois) [Xom's grace]
  8266 | D:6      | Gained mutation: Your flesh is cold resistant. (rC+) [Xom's grace]
  8266 | D:6      | Gained mutation: You have a pair of small horns on your head. [Xom's grace]
  8363 | D:7      | Killed a troll
  8363 | D:7      | Reached skill level 5 in Shields
  8363 | D:7      | Reached XP level 10. HP: 54/75 MP: 10/10
  8451 | D:7      | XOM: mild Tloc miscast
  8834 | D:8      | Noticed Maurice
  9034 | D:8      | Killed Maurice
  9034 | D:8      | Reached skill level 12 in Axes
  9089 | D:8      | XOM: noise
  9113 | D:8      | XOM: 2-stop teleportation journey
  9193 | D:8      | Found a hide-covered altar of Uskayaw.
  9291 | D:8      | Reached *** piety under Beogh
  9530 | D:8      | Noticed a four-headed hydra
  9801 | D:8      | XOM: medium Necr miscast
  9852 | D:8      | XOM: noise
  9896 | D:8      | Noticed a two-headed ogre
 10194 | D:8      | Noticed Gastronok
 10227 | D:8      | Killed Gastronok
 10227 | D:8      | Reached skill level 13 in Axes
 10227 | D:8      | Reached XP level 11. HP: 39/84 MP: 11/11
 10836 | D:7      | Gained mutation: You have a pair of horns on your head. [evolution]
 10948 | D:8      | Noticed a two-headed ogre
 10966 | D:8      | Killed a two-headed ogre
 11013 | D:8      | Gained Ugrim as an ally
 11038 | D:8      | Noticed a cyclops
 11040 | D:8      | Killed a cyclops
 11045 | D:8      | Reached skill level 1 in Evocations
 11049 | D:8      | Got a brightly glowing amber ring
 11056 | D:8      | Got a translucent bone ring
 11058 | D:8      | Identified the ring "Ritic" {rPois Slay+6} (You found it on level 8 of the Dungeon)
 11063 | D:8      | Got a transparent golden amulet
 11065 | D:8      | Identified the amulet of Jimebby {*Slow +Rage rPois rC- Str+6} (You found it on level 8 of the Dungeon)
 11074 | D:8      | Got a twitching lapis lazuli ring
 11076 | D:8      | Identified the ring of Insomnia {rPois Int+3} (You found it on level 8 of the Dungeon)
 11078 | D:8      | Identified the ring of Wagankeo {EV+3 Str+2 Stlth+} (You found it on level 8 of the Dungeon)
 11150 | D:8      | XOM: medium Tloc miscast
 11217 | D:8      | XOM: mild Necr miscast
 11239 | D:8      | XOM: medium Necr miscast
 11305 | D:9      | Found Hujur's Weapon Shoppe.
 11437 | D:9      | Found a stormy altar of Qazlal.
 11491 | D:9      | Reached **** piety under Beogh
 11602 | D:9      | Found a sacrificial altar of Ru.
 11835 | D:9      | XOM: harmless Tloc miscast
 11842 | D:9      | Found a staircase to the Lair.
 12111 | Lair:1   | Entered Level 1 of the Lair of Beasts
 12415 | Lair:1   | Reached skill level 14 in Axes
 12460 | Lair:1   | XOM: medium Tloc miscast
 12494 | Lair:1   | Your ally Ugrim died
 12506 | Lair:1   | Gained Ognian as an ally
 12598 | Lair:1   | XOM: noise
 12598 | Lair:1   | Was forgiven by Xom
 12766 | Lair:1   | Noticed a seven-headed hydra
 12784 | Lair:2   | Found a hole to the Spider Nest.
 13251 | Lair:2   | Reached XP level 12. HP: 85/93 MP: 14/14
 13253 | Lair:2   | Reached ***** piety under Beogh
 13278 | Lair:2   | Reached skill level 15 in Axes
 13374 | Lair:2   | Got a bound turquoise ring
 13376 | Lair:2   | Identified the ring of Sipone {+Blink Int+5} (You found it on level 2 of the Lair of Beasts)
 13408 | Lair:1   | Killed a seven-headed hydra
 13574 | Lair:1   | Reached skill level 1 in Invocations
 14079 | D:8      | Lost mutation: You are clumsy. (Dex -2) [evolution]
 14175 | D:8      | Killed a four-headed hydra
 14284 | D:8      | Killed a two-headed ogre
 14481 | D:10     | Entered Level 10 of the Dungeon
 14481 | D:10     | Noticed a two-headed ogre
 14553 | D:10     | Found a hide-covered altar of Uskayaw.
 14837 | D:10     | Killed a two-headed ogre
 14837 | D:10     | Reached skill level 10 in Armour
 15181 | D:10     | Found a portal to a secret trove of treasure.
 15395 | Lair:2   | Reached skill level 5 in Throwing
 15492 | Lair:2   | Reached skill level 16 in Axes
 15511 | Lair:2   | Reached skill level 5 in Invocations
 15624 | Lair:2   | Reached skill level 10 in Fighting
 15723 | Lair:2   | Reached XP level 13. HP: 101/101 MP: 14/17
 16108 | Lair:3   | Got a slimy robe
 16119 | Lair:3   | Identified the +1 robe of Beogh's Whim {rN++} (You found it on level 3 of the Lair of Beasts)
 16465 | Lair:3   | Found a staircase to the Shoals.
 17800 | Lair:5   | Reached skill level 17 in Axes
 18121 | Lair:5   | Gained Marbaugh as an ally
 19072 | D:11     | Found a staircase to the Orcish Mines.
 19306 | D:11     | Reached XP level 14. HP: 111/111 MP: 19/19
 20444 | D:12     | Reached skill level 18 in Axes
 20447 | D:12     | Reached ****** piety under Beogh
 20449 | D:12     | Noticed Josephine
 20462 | D:12     | Reached skill level 10 in Shields
 20478 | D:12     | Killed Josephine
 20712 | D:12     | Noticed Azrael
 20728 | D:12     | Killed Azrael
 20769 | D:12     | Noticed Sonja
 20771 | D:12     | Killed Sonja
 20965 | D:12     | Noticed Harold
 20982 | D:12     | Killed Harold
 21369 | D:13     | Gained Marbork as an ally
 21398 | D:13     | Got a translucent quick blade
 21962 | D:14     | Found an ornate altar of the Wu Jian Council.
 21988 | D:14     | Your ally Marbork died
 22397 | D:14     | Reached XP level 15. HP: 117/120 MP: 20/20
 22483 | D:14     | Reached skill level 19 in Axes
 22554 | D:14     | Found a gate to the Vaults.
 23291 | Orc:1    | Entered Level 1 of the Orcish Mines
 23730 | Orc:2    | Entered Level 2 of the Orcish Mines
 23831 | Orc:2    | Reached skill level 5 in Stealth
 23841 | Orc:2    | Found Liohip's Assorted Antiques.
 23841 | Orc:2    | Found Noklapte's Antique Weapon Emporium.
 23842 | Orc:2    | Found Zumabixtu's Assorted Antiques.
 23842 | Orc:2    | Found Yna Saur's Distillery.
 23851 | Orc:2    | Bought a potion of haste for 110 gold pieces
 23851 | Orc:2    | Bought a potion of heal wounds for 55 gold pieces
 23851 | Orc:2    | Bought a potion of heal wounds for 55 gold pieces
 24234 | Orc:2    | Found a staircase to the Elven Halls.
 24427 | Elf:1    | Entered Level 1 of the Elven Halls
 24448 | Elf:1    | Noticed a balrug
 24451 | Elf:1    | Noticed a Hell Sentinel
 24521 | Elf:1    | Noticed Louise
 24539 | Elf:1    | Killed Louise
 24729 | Elf:1    | Noticed a Hell Sentinel
 24734 | Elf:1    | Noticed a Hell Sentinel
 25027 | Elf:1    | Gained Hilgar as an ally
 25262 | Elf:2    | Found Tuelyext's Armour Shop.
 25272 | Elf:2    | Found Guavy's Distillery.
 25272 | Elf:2    | Found Zyiga's Assorted Antiques.
 25279 | Elf:2    | Found Cihasets's Food Boutique.
 25291 | Elf:2    | Bought a scroll of enchant armour for 195 gold pieces
 25291 | Elf:2    | Bought a potion of heal wounds for 130 gold pieces
 25299 | Elf:2    | Bought a potion of curing for 39 gold pieces
 25299 | Elf:2    | Bought 2 potions of curing for 78 gold pieces
 25302 | Elf:2    | Bought a +4 plate armour of ponderousness for 380 gold pieces
 25339 | Elf:2    | HP: 5/184 [deep elf knight/glaive (16)]
 25339 | Elf:2    | HP: 1/184 [deep elf knight/short sword (4)]
 25489 | Elf:2    | Found Tidaeh's Armour Boutique.
 25587 | Elf:2    | Found a deep blue altar of Sif Muna.
 25595 | Elf:2    | Found a frozen archway.
 25612 | IceCv    | Entered an ice cave
 26441 | IceCv    | Reached XP level 16. HP: 109/130 MP: 22/22
 26745 | IceCv    | Noticed an Ice Fiend
 26764 | IceCv    | Killed an Ice Fiend
 27228 | IceCv    | Got a scorched scimitar
 27229 | IceCv    | Identified the cursed +2 scimitar of Weiryif {drain, +Fly rN+ Int-3 Dex+8} (You found it in an ice cave)
 27610 | Elf:2    | Found a runed gate.
 27612 | Elf:2    | Found a runed gate.
 27615 | Elf:2    | Found a runed gate.
 28063 | Elf:2    | Killed a deep elf blademaster
 28805 | Shoals:1 | Entered Level 1 of the Shoals
 28944 | Shoals:1 | Gained Bogdar as an ally
 29245 | Shoals:2 | Noticed Roxanne
 29261 | Shoals:2 | Killed Roxanne
 29262 | Shoals:2 | Identified Roxanne's Incunabulum of Clay (You took it off Roxanne on level 2 of the Shoals)
 29380 | Shoals:2 | Noticed Polyphemus
 29393 | Shoals:2 | Reached skill level 20 in Axes
 29399 | Shoals:2 | Killed Polyphemus
 29757 | Shoals:2 | Lost mutation: You are frail. (-10% HP) [evolution]
 29976 | Shoals:3 | Found a gateway to a bazaar.
 29993 | Bazaar   | Entered a bazaar
 29993 | Bazaar   | Found Jeuled's General Store.
 29993 | Bazaar   | Found Baoskann's Gadget Boutique.
 29993 | Bazaar   | Found Syin's Antique Weapon Shoppe.
 29993 | Bazaar   | Found Finirpho's Antique Armour Shop.
 29995 | Bazaar   | Found Wumaheoss's Gadget Shop.
 30044 | Bazaar   | Bought a potion of ambrosia for 144 gold pieces
 30044 | Bazaar   | Bought a scroll of identify for 36 gold pieces
 30044 | Bazaar   | Bought a scroll of magic mapping for 63 gold pieces
 30199 | Shoals:4 | Entered Level 4 of the Shoals
 30283 | Shoals:4 | Reached XP level 17. HP: 89/154 MP: 24/24
 30509 | Shoals:4 | Noticed Ilsuiw
 30520 | Shoals:4 | Gained Bogward as an ally
 30520 | Shoals:4 | Reached skill level 15 in Fighting
 30801 | Shoals:4 | Found Jaqau's General Store.
 30814 | Shoals:4 | Your ally Ognian died
 30818 | Shoals:4 | Killed Ilsuiw
 30838 | Shoals:4 | Found Igrud's Assorted Antiques.
 30861 | Shoals:4 | Bought a scroll of blinking for 135 gold pieces
 30861 | Shoals:4 | Bought a potion of agility for 72 gold pieces
 30976 | Shoals:4 | Got a barnacled rune of Zot
 30991 | Shoals:4 | Lost mutation: Your system is resistant to poisons. (rPois) [evolution]
 30996 | Shoals:4 | Reached skill level 10 in Invocations
 31315 | D:15     | Entered Level 15 of the Dungeon
 31441 | D:15     | Paralysed by a wizard for 7 turns
 31910 | Vaults:1 | Entered Level 1 of the Vaults
 32261 | Vaults:1 | Paralysed by an orc sorcerer for 3 turns
 32327 | Vaults:1 | Your ally Bogward died
 32329 | Vaults:1 | Noticed an Ice Fiend
 32331 | Vaults:1 | Gained Wargath as an ally
 32704 | Vaults:1 | Reached skill level 5 in Evocations
 32704 | Vaults:1 | Reached XP level 18. HP: 166/166 MP: 23/25
 32707 | Vaults:1 | Gained Korbok as an ally
 32728 | Vaults:1 | Reached skill level 15 in Shields
 32733 | Vaults:1 | Gained Murdo as an ally
 33135 | Vaults:1 | Your ally Bogdar died
 33150 | Vaults:1 | Your ally Korbok died
 33823 | Vaults:1 | Reached skill level 21 in Axes
 34264 | Elf:3    | Entered Level 3 of the Elven Halls
 35008 | Elf:3    | Gained mutation: Your system is resistant to poisons. (rPois) [evolution]
 35074 | Elf:3    | Noticed a deep elf blademaster
 35254 | Elf:3    | Gained Beowulf as an ally
 35818 | Elf:3    | Your ally Beowulf died
 35932 | Elf:3    | Reached skill level 15 in Armour
 35946 | Elf:3    | Killed a deep elf blademaster
 36115 | Elf:3    | Noticed a Tzitzimitl
 36143 | Elf:3    | Noticed a deep elf blademaster
 36155 | Elf:3    | Killed a deep elf blademaster
 36176 | Elf:3    | Your ally Marbaugh died
 36179 | Elf:3    | Reached XP level 19. HP: 82/174 MP: 16/27
 36672 | Elf:3    | Got a slimy great sword {venom}
 36675 | Elf:3    | Identified the cursed +3 great sword of Eternal Vigilance {venom, rC+ Dex+4} (You took it off a deep elf annihilator on level 3 of the Elven Halls)
 36679 | Elf:3    | Found the +7 Singing Sword
 36687 | Elf:3    | Identified the +2 battleaxe of the Rat {drain, rN++} (You took it off a deep elf mage on level 3 of the Elven Halls)
 36939 | Elf:3    | Identified the Disquisition on Dark Rites and Stones
 36965 | Elf:3    | Identified the +4 scale mail of Awe {*Drain rElec Str+4} (You found it on level 3 of the Elven Halls)
 37325 | D:15     | Noticed Nessos
 37338 | D:15     | Killed Nessos
 37504 | D:15     | Found Cikkamp's Book Emporium.
 37587 | D:15     | Identified a scroll of acquirement
 37954 | D:15     | Found a staircase to the Depths.
 37966 | D:15     | Gained mutation: You are frail. (-10% HP) [a shining eye]
 37967 | D:15     | Gained mutation: You expend magic power (3 MP) to strengthen your wands. [a shining eye]
 38250 | Spider:1 | Entered Level 1 of the Spider Nest
 38271 | Spider:1 | Your ally Wargath died
 40040 | Spider:3 | Noticed Asterion
 40124 | Spider:3 | Killed Asterion
 40482 | Spider:3 | Noticed Arachne
 40497 | Spider:3 | Killed Arachne
 40558 | Spider:3 | Noticed emiel's ghost (adept FoWn)
 40573 | Spider:3 | Killed emiel's ghost
 40735 | Spider:3 | Reached skill level 22 in Axes
 40877 | Spider:4 | Entered Level 4 of the Spider Nest
 41266 | Spider:4 | Gained Harm as an ally
 41481 | Spider:4 | Reached XP level 20. HP: 165/165 MP: 28/28
 42060 | Spider:4 | Gained Alork as an ally
 42105 | Spider:4 | Your ally Alork died
 42110 | Spider:4 | Gained Zartorak as an ally
 42431 | Spider:4 | Got a gossamer rune of Zot
 42953 | Vaults:2 | Gained Alork as an ally
 43132 | Vaults:2 | Found a staircase to the Crypt.
 43132 | Vaults:2 | Found a basalt altar of Yredelemnul.
 43133 | Vaults:2 | Found an ancient bone altar of Kikubaaqudgha.
 44316 | Vaults:2 | Gained Bogward as an ally
 44921 | D:10     | You paid a toll of +4 ice dragon scales to enter a treasure trove
 44922 | Trove    | Entered a treasure trove
 44931 | Trove    | Found the +8 Wrath of Trog {antimagic, *Rage}
 44954 | Trove    | Got a pitted broad axe
 44955 | Trove    | Identified the +1 broad axe "Topapt" {freeze, rF+++ rC+} (You found it in a treasure trove)
 44982 | Trove    | Got a crystal flail
 44992 | Trove    | Got a twisted falchion
 45043 | D:10     | Cast into level 4 of the Abyss (a distortion unwield)
 45149 | Abyss:4  | Reached XP level 21. HP: 170/175 MP: 29/29
 45220 | Abyss:4  | Noticed a profane servitor
 45235 | Abyss:4  | Killed a profane servitor
 45371 | D:10     | Escaped the Abyss
 46180 | Vaults:3 | Reached skill level 23 in Axes
 46196 | Vaults:3 | Gained Morun as an ally
 46219 | Vaults:3 | Found a stormy altar of Qazlal.
 46220 | Vaults:3 | Noticed Nikola
 46231 | Vaults:3 | Killed Nikola
 46664 | Vaults:3 | Gained Jorge as an ally
 47136 | Vaults:3 | Gained mutation: Your body sometimes deteriorates upon taking damage. [evolution]
 47967 | Vaults:3 | Gained Zartorak as an ally
 47980 | Vaults:3 | Lost mutation: You have a pair of horns on your head. [potion of mutation]
 47980 | Vaults:3 | Lost mutation: Your body sometimes deteriorates upon taking damage. [potion of mutation]
 47980 | Vaults:3 | Lost mutation: You are frail. (-10% HP) [potion of mutation]
 47980 | Vaults:3 | Lost mutation: You have large cloven feet. [potion of mutation]
 47980 | Vaults:3 | Gained mutation: You have a somewhat thin skeletal structure. (Dex +2, Stealth) [potion of mutation]
 48147 | Vaults:4 | Noticed Jorgrun
 48157 | Vaults:4 | Killed Jorgrun
 48159 | Vaults:4 | Your ally Morun died
 48161 | Vaults:4 | Your ally Zartorak died
 48763 | Vaults:4 | Reached XP level 22. HP: 182/207 MP: 31/31
 49514 | Vaults:4 | Gained Boderik as an ally
 49624 | Vaults:4 | Noticed Frederick
 49629 | Vaults:4 | Killed Frederick
 50217 | Vaults:5 | Entered Level 5 of the Vaults
 50217 | Vaults:5 | Noticed a golden dragon
 50237 | Vaults:4 | Gained Gorbash as an ally
 50589 | Vaults:5 | Noticed Thomus's ghost (adept MiBe)
 50675 | Vaults:5 | Killed a golden dragon
 50675 | Vaults:5 | Reached skill level 24 in Axes
 50677 | Vaults:5 | Killed Thomus's ghost
 50677 | Vaults:5 | Your ally Boderik died
 51051 | Vaults:5 | Gained Ogrik as an ally
 51052 | Vaults:5 | Gained Jorge as an ally
 51549 | Vaults:5 | Reached XP level 23. HP: 139/217 MP: 32/32
 51560 | Vaults:5 | Gained Boldo as an ally
 51598 | Vaults:5 | Identified the Almanac of Toxins and Battle Magic
 51739 | Vaults:5 | Found Ylodwir's Magic Scroll Shoppe.
 51748 | Vaults:5 | Got an ichor-stained broad axe {drain}
 51749 | Vaults:5 | Identified the +9 broad axe "Ogre's Nightmare" {drain, *Corrode Str+4 Int-2} (You took it off an ironheart preserver on level 5 of the Vaults)
 51772 | Vaults:5 | Got a pair of heavily runed boots
 51778 | Vaults:5 | Identified the +3 pair of boots "Ruludar" {Str+4} (You found it on level 5 of the Vaults)
 51790 | Vaults:5 | Bought a scroll of blinking for 82 gold pieces
 51790 | Vaults:5 | Bought a scroll of teleportation for 33 gold pieces
 51790 | Vaults:5 | Bought a scroll of enchant armour for 82 gold pieces
 51790 | Vaults:5 | Bought a scroll of teleportation for 33 gold pieces
 51871 | Vaults:5 | Your ally Zartorak died
 51915 | Vaults:5 | Got a silver rune of Zot
 52988 | Shoals:4 | Found Mibly's Assorted Antiques.
 53036 | Shoals:4 | Noticed zuik's ghost (adept MiBe)
 53058 | Shoals:4 | Killed zuik's ghost
 53618 | Lair:6   | Entered Level 6 of the Lair of Beasts
 53644 | Lair:6   | Found a staircase to the Slime Pits.
 53803 | Lair:6   | Identified the +10 glaive of a sewer {flame, rElec Int+4 Dex-5} (You found it on level 6 of the Lair of Beasts)
 53852 | Lair:6   | Gained mutation: You have sharp fingernails. [evolution]
 54821 | Depths:1 | Entered Level 1 of the Depths
 55284 | Depths:1 | Reached skill level 25 in Axes
 55285 | Depths:1 | Gained Warrok as an ally
 55289 | Depths:1 | Gained Berold as an ally
 55294 | Depths:1 | Your ally Zartorak died
 55374 | Depths:1 | Found a magical portal.
 55378 | WizLab   | Entered Iskenderun's Mystic Tower
 55588 | WizLab   | Gained Garbold as an ally
 55717 | WizLab   | Your ally Garbold died
 55750 | WizLab   | Gained Gorm as an ally
 55750 | WizLab   | Gained Thorok as an ally
 55816 | WizLab   | Your ally Thorok died
 55839 | WizLab   | Gained Urtork as an ally
 55849 | WizLab   | Your ally Gorm died
 55858 | WizLab   | Reached XP level 24. HP: 219/228 MP: 32/32
 56398 | WizLab   | Identified Iskenderun's Collected Works on Confrontation
 56398 | WizLab   | Identified Iskenderun's Disquisition on Battle Magic
 56398 | WizLab   | Identified the Tome of the Venomous Escort
 56796 | Depths:1 | Found a one-way gate leading to the halls of Pandemonium.
 56828 | Depths:1 | Found a gateway to Hell.
 57339 | Depths:2 | Your ally Boldo died
 57339 | Depths:2 | Your ally Hilgar died
 57390 | Depths:2 | Your ally Warrok died
 58262 | Depths:2 | Identified the +8 halberd of Terra Cotta {flame, rF- Str+5} (You found it on level 2 of the Depths)
 58548 | Depths:3 | Found a gateway to a ziggurat.
 58577 | Zig:1    | Entered Level 1 of a ziggurat
 58749 | Zig:2    | Entered Level 2 of a ziggurat
 58758 | Zig:2    | Gained Beowulf as an ally
 59000 | Zig:3    | Entered Level 3 of a ziggurat
 59362 | Zig:4    | Entered Level 4 of a ziggurat
 59378 | Zig:4    | Gained Horkud as an ally
 59383 | Zig:4    | Your ally Horkud died
 59384 | Zig:4    | Gained Boldo as an ally
 59409 | Zig:4    | Got a faintly glowing robe
 59463 | Zig:5    | Entered Level 5 of a ziggurat
 59614 | Zig:5    | Got a smoking rapier
 59658 | Zig:6    | Entered Level 6 of a ziggurat
 59669 | Zig:6    | Noticed a juggernaut
 59679 | Zig:6    | Killed a juggernaut
 59731 | Zig:7    | Entered Level 7 of a ziggurat
 60104 | Zig:8    | Entered Level 8 of a ziggurat
 60138 | Zig:8    | Found the +3 salamander hide armour {+Rage rF++}
 60141 | Zig:8    | Found the +27 Lear's hauberk
 60154 | Zig:8    | Got a shimmering ivory ring
 60156 | Zig:8    | Identified the ring "Towodim" {+Blink rC+ Int+2 Slay-4 Stlth-} (You found it on level 8 of a ziggurat)
 60265 | Zig:9    | Entered Level 9 of a ziggurat
 60277 | Zig:9    | Noticed a caustic shrike
 60294 | Zig:9    | Killed a caustic shrike
 60305 | Zig:9    | Reached skill level 26 in Axes
 60318 | Zig:9    | Got a translucent glass ring
 60320 | Zig:9    | Identified the ring of the Enemy {rElec rN++ MR+ Int-2 Dex+5} (You found it on level 9 of a ziggurat)
 60329 | Zig:9    | Identified the +1 pair of boots "Apivuzxa" {rElec rCorr Int+3} (You acquired it on level 9 of a ziggurat)
 60341 | Zig:9    | Identified the Papyrus of Nocuous Summoning
 60356 | Zig:9    | Got a translucent marble ring
 60358 | Zig:9    | Identified the ring of Midnight {*Tele rElec MP+9 Int-2 Dex+8} (You found it on level 9 of a ziggurat)
 60391 | Zig:10   | Entered Level 10 of a ziggurat
 60406 | Zig:10   | Gained Learuk as an ally
 60407 | Zig:10   | Reached XP level 25. HP: 232/235 MP: 0/32
 60481 | Zig:10   | Identified the Volume of Moulding
 60511 | Zig:10   | Reached XP level 26. HP: 245/245 MP: 24/32
 60563 | Depths:3 | Your ally Murdo died
 60998 | Depths:3 | Paralysed by a floating eye for 2 turns
 61004 | Depths:3 | Gained Herok as an ally
 61014 | Depths:3 | Your ally Herok died
 61042 | Depths:3 | Gained Norbak as an ally
 61052 | Depths:3 | Killed from afar by a shadow dragon

Skill      XL: |  1  2  3  4  5  6  7  8  9 10 11 12 13 14 15 16 17 18 19 20 21 22 23 24 25 26 |
---------------+-------------------------------------------------------------------------------+-----
Fighting       | 4 5 6 7 9 10 11 12 13 14 15 16 17 18 19 20 21 22 | 22.7
Armour         | 3 4 5 6 7 8 9 10 11 12 13 14 15 16 17 18 | 18.1
Stealth        | 1 2 4 5 6 7 8 |  8.6
Axes           | 5 6 7 9 11 13 14 16 17 18 19 20 21 22 23 24 25 26 | 26.7
Dodging        | 1 2 3 4 |  4.5
Throwing       | 1 2 3 4 5 6 7 8 9 |  9.9
Shields        | 2 4 5 7 8 9 10 11 13 14 15 17 18 19 20 21 22 | 22.4
Evocations     | 3 4 5 |  5.7
Invocations    | 5 7 8 9 10 11 12 13 | 13.0
Spellcasting   | |  0.9

Action                   |  1- 3 |  4- 6 |  7- 9 | 10-12 | 13-15 | 16-18 | 19-21 | 22-24 | 25-27 || total
-------------------------+-------+-------+-------+-------+-------+-------+-------+-------+-------++-------
Melee: Hand axe          |   126 |    55 |       |       |       |       |       |       |       ||   181
       Broad axe         |       |    76 |   331 |   493 |   771 |   789 |   998 |   871 |    89 ||  4418
       Kick              |       |       |     2 |   140 |     5 |       |       |       |       ||   147
       Headbutt          |       |       |     1 |    75 |   229 |   226 |   270 |   313 |    35 ||  1149
Throw: Javelin           |       |    22 |    51 |    45 |     1 |    62 |    47 |   121 |    13 ||   362
       Tomahawk          |       |       |       |       |     8 |    17 |       |       |       ||    25
Invok: Convert to Beogh  |       |     1 |       |       |       |       |       |       |       ||     1
       Recall Orcish Fol |       |       |       |     5 |    25 |    22 |     9 |    12 |     1 ||    74
       Smiting           |       |       |       |    10 |    27 |    35 |    12 |    13 |     4 ||   101
       Give Item to Name |       |       |       |     1 |     3 |     3 |     6 |    12 |     1 ||    26
       Resurrection      |       |       |       |       |       |     2 |     1 |     1 |       ||     4
 Abil: Evoke Berserk Rag |       |       |       |       |     4 |     2 |     1 |     1 |       ||     8
Evoke: Wand              |       |       |       |     9 |       |       |       |       |       ||     9
  Use: Scroll            |     1 |       |       |     8 |    20 |     4 |    14 |    11 |     1 ||    59
       Potion            |       |       |     2 |     1 |     2 |     5 |     2 |     3 |     1 ||    16
 Stab: Petrified         |    10 |       |       |       |       |       |       |     2 |       ||    12
       Petrifying        |     1 |       |       |       |       |       |       |     2 |       ||     3
       Distracted        |       |       |       |     2 |    13 |    11 |     7 |    15 |     3 ||    51
       Paralysed         |       |       |       |     5 |     9 |     6 |       |       |       ||    20
       Confused          |       |       |       |       |       |     2 |       |       |       ||     2
       Held in net/web   |       |       |       |       |       |       |     1 |       |       ||     1
       Sleeping          |       |       |       |       |       |       |       |       |     1 ||     1
  Eat: Chunk             |     3 |     6 |     9 |    17 |    21 |    19 |    22 |    19 |       ||   116
       Ration            |       |       |     2 |     2 |     6 |     4 |     7 |     6 |       ||    27
Armor: Leather armour    |    25 |       |       |       |       |       |       |       |       ||    25
       Plate armour      |    23 |   126 |   193 |   241 |   273 |   288 |   359 |   281 |       ||  1784
       Skin              |       |       |       |       |       |     5 |       |       |       ||     5
       Chain mail        |       |       |       |       |       |       |       |    30 |    40 ||    70
Dodge: Dodged            |    44 |    31 |    67 |   169 |   176 |   131 |   264 |   226 |    24 ||  1132
Block: Buckler           |     3 |    25 |   186 |   185 |    15 |       |       |       |       ||   414
       Reflection        |       |       |     1 |     4 |     2 |    31 |       |       |       ||    38
       Shield            |       |       |       |       |   304 |       |       |       |       ||   304
       Large shield      |       |       |       |       |   141 |   677 |  1033 |   921 |    78 ||  2850
